 Dungeon Crawl Stone Soup version 0.31-a0-459-gc8a9bf3d51 (webtiles) character file.

Game seed: 15075942111259779299

486 Ethylacetat the Trooper (level 7, -9/39 HPs)
             Began as a Vine Stalker Monk on Aug 3, 2023.
             Mangled by an ogre
             ... wielding a +0 giant spiked club
              (18 damage)
             ... on level 5 of the Dungeon.
             The game lasted 00:06:07 (2859 turns).

Ethylacetat the Trooper (Vine Stalker Monk)         Turns: 2859, Time: 00:06:07

Health: -9/39      AC:  2    Str: 14    XL:     7   Next: 13%
Magic:  0/15       EV: 13    Int: 10    God:
Gold:   148        SH: 10    Dex: 24    Spells: 15/15 levels left

rFire   . . .        u - +2 dagger (speed)
rCold   . . .        t - +0 buckler
rNeg    . . .        a - +0 robe
rPois   .            (no helmet)
rElec   .            (no cloak)
rCorr   .            (no gloves)
SInv    .            (no boots)
Will    .....        b - amulet of reflection
Stlth   ++           i - +6 ring of dexterity
HPRegen 1.06/turn    (no ring)
MPRegen 0.14/turn

%: reflection, guardian spirit
@: no status effects
A: fangs 2, regeneration 1, magic shield, antimagic bite, no potion heal 2
a: no special abilities


You were on level 5 of the Dungeon.
You visited 1 branch of the dungeon, and saw 5 of its levels.

You collected 148 gold pieces.

Inventory:

Hand Weapons
 u - a +2 dagger of speed (weapon)
Missiles
 k - 7 poisoned darts
 v - 2 curare-tipped darts
 y - a throwing net
Armour
 a - a +0 robe (worn)
 t - a +0 buckler (worn)
Jewellery
 b - an amulet of reflection (around neck)
 i - a +6 ring of dexterity (left hand)
 m - a ring of willpower
Scrolls
 c - a scroll of enchant weapon {unknown}
 d - 2 scrolls of torment {unknown}
 e - a scroll of amnesia {unknown}
 f - 4 scrolls of noise {unknown}
 g - 5 scrolls of identify {unknown}
 j - 2 scrolls of immolation {unknown}
 l - 2 scrolls of fear {unknown}
 n - 3 scrolls of teleportation {unknown}
 q - a scroll of silence {unknown}
 r - a scroll of revelation {unknown}
 s - a scroll of fog {unknown}
 x - a scroll of butterflies {unknown}
Potions
 h - 2 potions of attraction {unknown}
 o - a potion of berserk rage {unknown}
 p - 2 potions of heal wounds {unknown}
 w - a potion of brilliance {unknown}


   Skills:
 + Level 5.2 Fighting
 + Level 1.5 Short Blades
 - Level 2.4 Dodging
 - Level 3.0 Unarmed Combat
 + Level 4.6 Spellcasting


You had 15 spell levels left.
You didn't know any spells.
Your spell library contained the following spells:

 Spells                   Type           Power      Damage    Failure   Level
 Vhi's Electric Charge    Tloc/Air       4%         N/A       67%         3
 Arcjolt                  Conj/Air       1%         1d11      100%        5
 Plasma Beam              Fire/Air       1%         2x1d11    100%        6


Dungeon Overview and Level Annotations

Branches:
Dungeon (5/15)
 Temple: D:4-7

Altars:
Qazlal
Sif Muna

Shops:
D:3 (

Annotations:
D:4 3 runed translucent doors, Beaer's ghost, amateur DsFi


Innate Abilities, Weirdness & Mutations

You have extremely sharp teeth.
Your natural rate of healing is unusually fast.
When hurt, damage is shared between your health and your magic reserves.
Your bite disrupts and absorbs the magic of your enemies.
Potions cannot restore your health.


Message History

You hit the gnoll. You bite the gnoll. You drain its power.
The gnoll is heavily wounded.
The gnoll barely misses you.
You hit the gnoll. You bite the gnoll. You drain its power.
The gnoll is almost dead.
You completely miss the gnoll. You bite the gnoll.
You kill the gnoll!
No target in view!
HP restored.
Magic restored.
Things that are here:
a +0 flail; a +0 spear; a gnoll corpse An ogre comes into view.
It is wielding a +0 giant spiked club.
The ogre shouts!
The ogre moves out of view.
You completely miss the ogre. You hit the ogre.
You bite the ogre, but do no damage.
The ogre is lightly wounded.
The ogre hits you with a +0 giant spiked club!!
You hit the ogre. You bite the ogre. You drain its power.
You feel invigorated.
The ogre is moderately wounded.
You barely miss the ogre. You bite the ogre. You drain its power.
The ogre is moderately wounded.
You block the ogre's attack.
You hit the ogre. You bite the ogre. You drain its power.
The ogre is heavily wounded.
You hit the ogre. You bite the ogre. You drain its power.
The ogre is severely wounded.
The ogre hits you with a +0 giant spiked club!!
Ouch! That really hurt!
* * * LOW HITPOINT WARNING * * *
You hit the ogre. Your bite misses the ogre.
The ogre is almost dead.
You barely miss the ogre.
The ogre is almost dead.
You barely miss the ogre. You bite the ogre. You drain its power.
You feel invigorated.
The ogre is almost dead.
The ogre hits you with a +0 giant spiked club!!
You die...

##. #.. #..
#.. #.. #..
#..#####
#..@...#
#..O##.#
#......#.#
#...#...##.##
##. ##.###..#
# ## ##.# #.#
#.# #.#


You could see an ogre.

Vanquished Creatures
  Sigmund (D:3)
  A jelly (D:4)
  2 iguanas (D:4)
  Natasha (D:3)
  7 gnolls
  2 adders (D:3)
  3 worms
  3 dart slugs
  7 orcs (D:4)
  6 endoplasms
  A giant cockroach (D:1)
  8 goblins
  8 hobgoblins
  2 jackals (D:1)
  3 quokkas
  3 ball pythons
  4 bats
  4 frilled lizards
  9 kobolds
  8 rats
83 creatures vanquished.

Vanquished Creatures (others)
  A kobold brigand (D:3)
1 creature vanquished.

Grand Total: 84 creatures vanquished

Notes
Turn   | Place    | Note
-------+----------+-------------------------------------------
     0 | D:1      | Ethylacetat the Vine Stalker Monk began the quest for the
                  | Orb.
     0 | D:1      | Reached XP level 1. HP: 11/11 MP: 2/2
   170 | D:1      | Reached skill level 1 in Spellcasting
   170 | D:1      | Reached XP level 2. HP: 16/16 MP: 4/4
   180 | D:1      | Reached skill level 3 in Fighting
   722 | D:1      | Reached XP level 3. HP: 20/20 MP: 6/6
  1760 | D:3      | Noticed Sigmund
  1773 | D:3      | Gained mutation: Your natural rate of healing is unusually
                  | fast. [Vine Stalker growth]
  1773 | D:3      | Reached XP level 4. HP: 3/25 MP: 8/8
  1792 | D:3      | Killed Sigmund
  1793 | D:3      | Reached skill level 4 in Fighting
  1793 | D:3      | Reached XP level 5. HP: 20/30 MP: 8/11
  1793 | D:3      | Reached XP level 6. HP: 23/34 MP: 8/12
  1865 | D:3      | Found Tilouz's Antique Weapon Shop.
  1975 | D:3      | Noticed Natasha
  1988 | D:3      | Killed Natasha
  2215 | D:4      | Noticed Beaer's ghost (amateur DsFi)
  2252 | D:4      | Found a runed translucent gate.
  2252 | D:4      | Found a runed translucent gate.
  2252 | D:4      | Found a runed translucent gate.
  2351 | D:4      | Reached skill level 5 in Fighting
  2409 | D:4      | Reached skill level 1 in Short Blades
  2526 | D:4      | Reached XP level 7. HP: 37/39 MP: 12/14
  2564 | D:4      | Identified the +6 plate armour of Xiopsyluves {Harm rF-
                  | Slay-2 SInv}
  2705 | D:4      | Found a shimmering blue altar of Sif Muna.
  2759 | D:4      | Found a stormy altar of Qazlal.
  2817 | D:5      | Entered Level 5 of the Dungeon
  2859 | D:5      | Mangled by an ogre

Illustrated notes

Levels and vault maps discovered:
D:1:      lemuel_arrival_broad_hall, layout_loops_ring, minmay_pentomino_v2
D:2:      layout_basic, serial_aquarium, aquarium_bridge_square
          [aquarium_subvault_bridge, aquarium_subvault_window,
          aquarium_subvault_window, aquarium_subvault_bridge],
          aquarium_window_corner, aquarium_window_corner,
          aquarium_window_double, aquarium_window_1, aquarium_view_2c
D:3:      cheibrodos_thug_alley, layout_basic, serial_shops, shop, uniq_natasha,
          uniq_sigmund
D:4:      layout_cave_pools, nicolae_qazlal_eye_of_the_storm, led_sif_pool,
          gammafunk_ghost_split, kennysheep_generic_room_4
D:5:      layout_loops_ring, makhleb_grotto_becter, uniq_grinder

Skill      XL: |  1  2  3  4  5  6 |
---------------+-------------------+-----
Spellcasting   | 1 2 3 4 |  4.6
Fighting       | 3 4 5 |  5.2
Short Blades   | 1 |  1.5
Dodging        | |  2.4
Unarmed Combat | |  3.0

Action                     |  1- 3 |  4- 6 |  7- 9 || total
---------------------------+-------+-------+-------++-------
  Melee: Unarmed           |   101 |    69 |       ||   170
         Bite              |    27 |    51 |    18 ||    96
         Dagger            |       |    80 |    31 ||   111
    Use: Potion            |     1 |       |       ||     1
   Stab: Sleeping          |       |     1 |       ||     1
 Armour: Robe              |    16 |     5 |     1 ||    22
  Dodge: Dodged            |    47 |    48 |     5 ||   100
  Block: Buckler           |       |    52 |     7 ||    59
         Reflection        |       |     2 |       ||     2

Table legend: (Time is in decaauts)
 A = Elapsed time spent in this place.
 B = Non-inter-level travel time spent in this place.
 C = Inter-level travel time spent in this place.
 D = Time resting spent in this place.
 E = Time spent auto-exploring this place.
 F = Levels seen in this place.
 G = Mean time per level.
                   A        B        C        D        E       F      G
               +--------+--------+--------+--------+--------+-----+--------+
         Total |   2815 |   2703 |    112 |    100 |   2023 |   5 |  563.0 |
       Dungeon |   2815 |   2703 |    112 |    100 |   2023 |   5 |  563.0 |
               +--------+--------+--------+--------+--------+-----+--------+

Top non-repeatable levels by time:
     D:1: 930 daAuts
     D:3: 646 daAuts
     D:2: 628 daAuts
     D:4: 574 daAuts
     D:5: 36 daAuts
